[Event "Titled Tuesday Blitz March 21 Early 2023"]
[White "Janaszak, Dawid"]
[Black "Mirzanurov, Bulat"]
[WhiteFideId "1119206"]
[BlackFideId "4184521"]
[WhiteElo "2220"]
[BlackElo "2019"]
[Result "1-0"]
[Round "07"]
[TimeControl "180+2"]
[Date "2023.03.21"]
[WhiteClock "0:00:33"]
[BlackClock "0:00:35"]

1. e4 c5 2. a3 d6 3. Bc4 Nf6 4. d3 e6 5. Nc3 Be7 6. Nf3 a6 7. O-O b5 8. Ba2 O-O 9. Ne2 Nbd7 10. c3 Bb7 11. Ng3 g6 12. Re1 e5 13. Bh6 Re8 14. Ng5 d5 15. exd5 Nxd5 16. Qf3 Bxg5 17. Bxg5 Qxg5 18. Bxd5 Bxd5 19. Qxd5 Rad8 20. Ne4 Qe7 21. Qc6 f5 22. Ng3 Qf6 23. Qf3 h5 24. a4 h4 25. Nf1 b4 26. Ne3 Nb6 27. a5 Nc8 28. Nd5 Qf7 29. c4 Nd6 30. Qe3 e4 31. Qg5 Kg7 32. dxe4 Nxe4 33. Qxh4 Rxd5 34. cxd5 Qxd5 35. Rad1 Qc6 36. f3 Nf6 37. Rxe8 Qxe8 38. Qe1 Qf8 39. Qe5 Kh6 40. Rd6 Nh5 41. Qxc5 Qe8 42. Qc1+ Kh7 43. Rxa6 Qb5 44. Qc7+ Kh6 45. Qb6 Qe2 46. Qxg6# 1-0


[Site "https://www.chess.com"]

[Event "Titled Tuesday Blitz March 21 Early 2023"]
[White "Buscar, Michael"]
[Black "koncheto"]
[WhiteFideId "2603616"]
[WhiteElo "2010"]
[BlackElo "2498"]
[Result "0-1"]
[Round "07"]
[TimeControl "180+2"]
[Date "2023.03.21"]
[WhiteClock "0:00:41"]
[BlackClock "0:00:04"]

1. d4 Nf6 2. c4 e6 3. Nc3 Bb4 4. e3 O-O 5. Bd3 d5 6. Ne2 c5 7. a3 Bxc3+ 8. Nxc3 cxd4 9. exd4 dxc4 10. Bxc4 Nc6 11. Be3 b6 12. O-O Bb7 13. d5 Ne5 14. Bb3 Nxd5 15. Nxd5 Bxd5 16. Bxd5 exd5 17. Bd4 Nc6 18. Qg4 Nxd4 19. Qxd4 Rc8 20. Rad1 Rc2 21. Rd3 Re8 22. b4 Ra2 23. h4 h5 24. Rg3 g6 25. Rd1 Re6 26. Qxd5 Re1+ 27. Kh2 Qxh4+ 28. Rh3 Rxd1 29. Qxa2 Qf4+ 30. g3 Qf3 31. g4 Rh1# 0-1


[Site "https://www.chess.com"]

[Event "Titled Tuesday Blitz March 21 Early 2023"]
[White "Nguyen Hong Nhung"]
[Black "Ovezdurdyyeva, Jemal"]
[WhiteFideId "12412201"]
[BlackFideId "14001888"]
[WhiteElo "1904"]
[BlackElo "2043"]
[Result "0-1"]
[Round "07"]
[TimeControl "180+2"]
[Date "2023.03.21"]
[WhiteClock "0:00:03"]
[BlackClock "0:00:09"]

1. e4 d6 2. d4 Nf6 3. Nc3 g6 4. f4 c6 5. Nf3 b5 6. e5 dxe5 7. fxe5 Nd5 8. Ne4 Bg7 9. Bd3 O-O 10. O-O f6 11. exf6 exf6 12. c3 Be6 13. Qe1 Bf7 14. Qh4 Nd7 15. Bh6 Qc7 16. Bd2 Rfe8 17. Rae1 Nf8 18. Bc2 Re6 19. Bb3 Rae8 20. Nc5 Rxe1 21. Rxe1 Rxe1+ 22. Qxe1 Qe7 23. Qxe7 Nxe7 24. Bxf7+ Kxf7 25. a4 bxa4 26. Nxa4 Ne6 27. Kf2 h5 28. Ne1 Bf8 29. Nd3 Nd5 30. c4 Nb6 31. Nxb6 axb6 32. Bc3 Bd6 33. g3 Ng5 34. Ke3 Ke6 35. c5 bxc5 36. dxc5 Be7 37. h4 Nf7 38. Kd4 Kf5 39. b4 g5 40. Nf2 gxh4 41. gxh4 Kf4 42. Kc4 Kg3 43. Ne4+ Kxh4 44. Nxf6 Kg5 45. Ne4+ Kf4 46. Kd3 h4 47. Bd2+ Kf3 48. Be3 h3 49. Nd2+ Kg2 50. Ke4 h2 51. Nf3 h1=Q 52. Kf4 Qh6+ 53. Ke4 Qg6+ 54. Kf4 Qf6+ 55. Ke4 Qxf3+ 56. Kd3 Bg5 0-1


[Site "https://www.chess.com"]

[Event "Titled Tuesday Blitz March 21 Early 2023"]
[White "Tanmay Jain"]
[Black "Manon-og, Ramon Jr."]
[WhiteFideId "45015481"]
[BlackFideId "5200776"]
[WhiteElo "2032"]
[BlackElo "2333"]
[Result "1-0"]
[Round "07"]
[TimeControl "180+2"]
[Date "2023.03.21"]
[WhiteClock "0:00:14"]
[BlackClock "0:00:09"]

1. Nf3 Nf6 2. g3 g6 3. Bg2 d5 4. O-O Bg7 5. d4 O-O 6. c3 c5 7. Re1 Nc6 8. Ne5 cxd4 9. cxd4 Bf5 10. Nc3 Rc8 11. Bg5 Nb4 12. Rc1 a6 13. a3 Nc6 14. Bxf6 exf6 15. Nxc6 bxc6 16. Qa4 Qb6 17. e4 dxe4 18. Bxe4 Bxe4 19. Nxe4 f5 20. Nd6 Rcd8 21. Rxc6 Qxb2 22. d5 Bd4 23. Rc2 Qb6 24. Nc4 Qc5 25. Ne5 Qxd5 26. Nc6 Rd7 27. Ne7+ Rxe7 28. Rxe7 Bc5 29. Re1 Rd8 30. Qxa6 Qb3 31. Rxc5 1-0


[Site "https://www.chess.com"]

[Event "Titled Tuesday Blitz March 21 Early 2023"]
[White "Kostiukov, Alexandr"]
[Black "Manukian, Artak"]
[WhiteFideId "14108100"]
[BlackFideId "13301373"]
[WhiteElo "2202"]
[BlackElo "2130"]
[Result "1-0"]
[Round "07"]
[TimeControl "180+2"]
[Date "2023.03.21"]
[WhiteClock "0:02:20"]
[BlackClock "0:02:23"]

1. g3 h5 2. Nf3 d6 3. d4 Nc6 4. Bg2 Bg4 5. h3 Bf5 6. c4 Qd7 7. Nc3 O-O-O 8. e4 Bg6 9. Be3 e5 10. d5 Nb8 11. Bxa7 f5 12. Ng5 Nh6 13. Nb5 Re8 14. Bxb8 Kxb8 15. Qa4 Qe7 16. Qa7+ Kc8 17. Qa8+ Kd7 18. Qxb7 Rc8 19. Qc6+ Kd8 20. Ne6+ 1-0


[Site "https://www.chess.com"]

[Event "Titled Tuesday Blitz March 21 Early 2023"]
[White "Korpics, Zsolt"]
[Black "Shapiro, Viktor"]
[WhiteFideId "705241"]
[BlackFideId "4175700"]
[WhiteElo "2325"]
[BlackElo "2152"]
[Result "0-1"]
[Round "07"]
[TimeControl "180+2"]
[Date "2023.03.21"]
[WhiteClock "0:00:24"]
[BlackClock "0:00:16"]

1. e4 Nf6 2. e5 Nd5 3. Nc3 Nb6 4. d4 d6 5. f4 dxe5 6. fxe5 c5 7. d5 g6 8. Bb5+ Bd7 9. e6 fxe6 10. dxe6 Bxb5 11. Qxd8+ Kxd8 12. Nxb5 a6 13. Nc3 Nc6 14. Be3 Nd4 15. O-O-O Bg7 16. Nf3 Rc8 17. Ne2 Ke8 18. Nexd4 cxd4 19. Bxd4 Bxd4 20. Rxd4 Rf8 21. Rhd1 Rf6 22. Rd7 Rxe6 23. Rxb7 Nc4 24. Nd4 Rd6 25. c3 h5 26. Re1 Rd7 27. Rxd7 Kxd7 28. Re6 Rf8 29. Rxg6 Rf1+ 30. Kc2 Rf2+ 31. Kb3 Nxb2 32. Rxa6 Rxg2 33. Rh6 Rxh2 34. a4 Nd3 35. a5 e5 36. Nf5 e4 37. a6 Rb2+ 38. Kc4 Ra2 39. Kd4 Nf2 40. a7 Ra4+ 41. Ke3 Ng4+ 42. Kf4 Nxh6 43. Nxh6 Ke6 44. a8=Q Rxa8 45. Kxe4 Ra4+ 46. Kf3 Ra8 47. Kf4 Kf6 48. Nf5 Ra4+ 49. Nd4 Rc4 50. Kg3 Rxc3+ 51. Kh4 Rc4 52. Kxh5 Rxd4 53. Kh6 Rh4# 0-1


[Site "https://www.chess.com"]

[Event "Titled Tuesday Blitz March 21 Early 2023"]
[White "Sovetbekova, Nurai"]
[Black "Kopczynski, Michal"]
[WhiteFideId "13801910"]
[BlackFideId "1124200"]
[WhiteElo "1857"]
[BlackElo "2212"]
[Result "1-0"]
[Round "07"]
[TimeControl "180+2"]
[Date "2023.03.21"]
[WhiteClock "0:01:17"]
[BlackClock "0:01:55"]

1. d4 Nf6 2. c4 g6 3. Nc3 Bg7 4. e4 d6 5. Nf3 O-O 6. Be2 e5 7. d5 Ne8 8. Bd2 f5 9. h4 f4 10. Qc2 a5 11. O-O-O Na6 12. g3 Bg4 13. gxf4 exf4 14. Rdg1 Bxf3 15. Bxf3 c6 16. h5 g5 17. h6 Bf6 18. e5 Bxe5 19. Ne4 cxd5 20. Nxg5 Kh8 21. Qxh7# 1-0


[Site "https://www.chess.com"]

[Event "Titled Tuesday Blitz March 21 Early 2023"]
[White "Aarav Dengla"]
[Black "Friedel, Tom"]
[WhiteFideId "45059756"]
[BlackFideId "2002108"]
[WhiteElo "2285"]
[BlackElo "2316"]
[Result "1-0"]
[Round "07"]
[TimeControl "180+2"]
[Date "2023.03.21"]
[WhiteClock "0:00:36"]
[BlackClock "0:00:02"]

1. e4 c6 2. d3 d5 3. Nd2 e5 4. Ngf3 Bd6 5. g3 Nf6 6. Bg2 O-O 7. O-O Re8 8. c3 a5 9. Re1 Na6 10. d4 dxe4 11. Nxe4 Nxe4 12. Rxe4 f5 13. Re1 e4 14. Ng5 Be7 15. Qb3+ Qd5 16. c4 Qd7 17. h4 h6 18. Nh3 Bf6 19. Be3 Qf7 20. Rad1 Be6 21. d5 cxd5 22. cxd5 Bd7 23. Qb6 Nb4 24. Nf4 Ra6 25. Qxb7 Raa8 26. a3 Reb8 27. Qc7 Rc8 28. Qd6 Nc2 29. Re2 Nxe3 30. fxe3 1-0


[Site "https://www.chess.com"]

[Event "Titled Tuesday Blitz March 21 Early 2023"]
[White "Botez, Alexandra"]
[Black "Gonzalez, Francisco Silva"]
[WhiteFideId "2603365"]
[BlackFideId "1512285"]
[WhiteElo "2059"]
[BlackElo "2074"]
[Result "1/2-1/2"]
[Round "07"]
[TimeControl "180+2"]
[Date "2023.03.21"]
[WhiteClock "0:00:04"]
[BlackClock "0:00:22"]

1. d4 Nf6 2. c4 e6 3. Nf3 d5 4. g3 dxc4 5. Bg2 Nc6 6. O-O Rb8 7. a4 b6 8. Na3 Bxa3 9. Rxa3 O-O 10. Bf4 h6 11. Rc3 Ba6 12. Re1 Nd5 13. Rc1 Nxf4 14. gxf4 Qd6 15. e3 Na5 16. Ne5 Rbd8 17. Qg4 f5 18. Qg3 c5 19. Red1 cxd4 20. Rxd4 Qc7 21. Nf3 Rxd4 22. Nxd4 Qd6 23. Qg6 Bc8 24. Kh1 Rf6 25. Qe8+ Qf8 26. Qb5 Rg6 27. Bf3 Qf7 28. Bh5 Bb7+ 29. f3 Nb3 30. Nxb3 cxb3 31. Qxb3 Kh7 32. Rf1 Rg1+ 33. Kxg1 Qxh5 34. Qc2 Bxf3 35. Qf2 Bd5 36. Qg3 Qe2 37. Qf2 Qc4 38. h4 Qxa4 39. Kh2 Qe4 40. Rg1 a5 41. Kh3 b5 42. Qg3 Qf3 43. Qxf3 Bxf3 44. Kg3 Bd5 45. Ra1 a4 46. Kf2 g5 47. hxg5 hxg5 48. fxg5 Kg6 49. Rg1 b4 50. Ke1 a3 51. bxa3 bxa3 52. Kd2 a2 53. Kc3 Be4 54. Kb3 Bb1 55. Kb2 e5 56. Rg2 f4 57. exf4 exf4 58. Ka1 Kh5 59. g6 Bxg6 60. Kxa2 Bf7+ 61. Kb2 Bd5 62. Rf2 Kg5 63. Kc3 Kg4 64. Kd2 Kg3 65. Ke1 Bc4 66. Rd2 Kf3 67. Rf2+ Ke3 68. Rb2 Bd3 69. Rf2 Ke4 70. Rd2 Ke3 71. Rf2 Ke4 72. Rh2 Ke3 73. Rh8 Kf3 74. Rf8 Kg3 75. Rg8+ Kf3 76. Rf8 Kg3 77. Rd8 Ba6 78. Rg8+ Kf3 79. Rh8 Kg2 80. Rf8 Kf3 81. Rxf4+ 1/2-1/2


[Site "https://www.chess.com"]

[Event "Titled Tuesday Blitz March 21 Early 2023"]
[White "Bilan, Danila"]
[Black "Zaichenko, Daria"]
[WhiteFideId "24161918"]
[BlackFideId "4197453"]
[WhiteElo "2182"]
[BlackElo "2039"]
[Result "1-0"]
[Round "07"]
[TimeControl "180+2"]
[Date "2023.03.21"]
[WhiteClock "0:00:13"]
[BlackClock "0:00:53"]

1. d4 d5 2. Nf3 Nf6 3. c4 e6 4. Nc3 Be7 5. Bg5 O-O 6. e3 Nbd7 7. Bd3 c5 8. cxd5 Nxd5 9. Bxe7 Qxe7 10. Nxd5 exd5 11. dxc5 Nxc5 12. O-O Nxd3 13. Qxd3 Be6 14. Nd4 Rac8 15. Rac1 g6 16. Rfd1 Rxc1 17. Rxc1 Rc8 18. Rxc8+ Bxc8 19. Qc3 Be6 20. h3 a6 21. a3 Qd7 22. Qc5 Kg7 23. Qb6 Qc8 24. Kh2 Qb8+ 25. f4 Qc8 26. Qd6 Qd7 27. Qxd7 Bxd7 28. g4 Kf6 29. g5+ Ke7 30. h4 f5 31. Kg3 Kd6 32. b4 b6 33. Kf2 a5 34. Ke2 axb4 35. axb4 b5 36. Kd2 Be8 37. Kc3 Bd7 38. Nb3 Be8 39. Kd4 Bc6 40. Nc5 Ba8 41. Nd3 Bc6 42. Ne5 Be8 43. Nf3 Bc6 44. Ne1 Be8 45. Nd3 Bc6 46. Nf2 Be8 47. Nh1 Bc6 48. Ng3 Be8 49. h5 Bf7 50. h6 Be8 51. Nf1 Bc6 52. Nd2 Be8 53. Nf3 Bc6 54. Ne5 Be8 55. Nd3 Bc6 56. Nc5 Be8 57. Nb7+ Kc6 58. Ke5 Kc7 59. Nc5 Kc6 60. Kf6 d4 61. exd4 Kd5 62. Kg7 Kxd4 63. Kxh7 Ke3 64. Kg7 Kxf4 65. h7 Kxg5 66. h8=Q f4 67. Qxe8 1-0


[Site "https://www.chess.com"]

[Event "Titled Tuesday Blitz March 21 Early 2023"]
[White "Bas Mas, Jose Joaquin"]
[Black "Biriukov, Ilja"]
[WhiteFideId "22219064"]
[BlackFideId "4113373"]
[WhiteElo "2233"]
[BlackElo "2426"]
[Result "1-0"]
[Round "07"]
[TimeControl "180+2"]
[Date "2023.03.21"]
[WhiteClock "0:01:54"]
[BlackClock "0:01:20"]

1. e4 c5 2. Nc3 d6 3. f4 Nc6 4. Bb5 Bd7 5. Bxc6 Bxc6 6. Nf3 g6 7. O-O Bg7 8. d3 e6 9. f5 Ne7 10. fxe6 fxe6 11. Ng5 Qd7 12. Qg4 e5 13. Ne6 Rg8 14. Bg5 b6 15. Rf2 Bb7 16. Raf1 Bc8 17. Nxg7+ 1-0


[Site "https://www.chess.com"]

[Event "Titled Tuesday Blitz March 21 Early 2023"]
[White "Abrosimov, Vladimir"]
[Black "Kubatko, Ivan"]
[WhiteFideId "4166892"]
[BlackFideId "24111473"]
[WhiteElo "2336"]
[BlackElo "2285"]
[Result "0-1"]
[Round "07"]
[TimeControl "180+2"]
[Date "2023.03.21"]
[WhiteClock "0:00:01"]
[BlackClock "0:00:07"]

1. c4 e6 2. Nc3 d5 3. cxd5 exd5 4. d4 c5 5. dxc5 d4 6. Nb1 Bxc5 7. Nf3 Nc6 8. Bf4 Nf6 9. Nbd2 Nd5 10. Bg3 Ne3 11. Qc1 Qa5 12. a3 Bf5 13. fxe3 dxe3 14. b4 Nxb4 15. axb4 Qxb4 16. Be5 O-O 17. Bc3 exd2+ 18. Qxd2 Qb6 19. Bd4 Rad8 20. Bxc5 Qxc5 21. Qc1 Qb4+ 22. Kf2 Be4 23. e3 Bxf3 24. gxf3 Rd2+ 25. Be2 Qh4+ 26. Kf1 Rfd8 27. Qc3 Qh3+ 28. Kf2 Rxe2+ 29. Kxe2 Qg2+ 30. Ke1 Qxh1+ 31. Kf2 Qxh2+ 32. Ke1 Qg1+ 33. Ke2 Qg2+ 34. Ke1 Qxf3 35. Rc1 h5 36. Ra1 Re8 37. Ra3 h4 38. Kd2 h3 39. e4 Qg2+ 40. Kc1 h2 41. Qd2 h1=Q+ 42. Kc2 Qxe4+ 0-1


[Site "https://www.chess.com"]

[Event "Titled Tuesday Blitz March 21 Early 2023"]
[White "monkins"]
[Black "Tomaszewski, Kacper"]
[BlackFideId "1127373"]
[WhiteElo "2242"]
[BlackElo "2211"]
[Result "0-1"]
[Round "07"]
[TimeControl "180+2"]
[Date "2023.03.21"]
[WhiteClock "0:00:05"]
[BlackClock "0:00:30"]

1. Nf3 d5 2. c4 c6 3. g3 g6 4. Bg2 Bg7 5. O-O Nf6 6. d3 O-O 7. Nbd2 Re8 8. Rb1 e5 9. e4 dxe4 10. Nxe4 Nxe4 11. dxe4 Qxd1 12. Rxd1 Bg4 13. Be3 Nd7 14. h3 Bxf3 15. Rxd7 Bxg2 16. Kxg2 b6 17. Rbd1 Bf8 18. Bg5 h6 19. Be3 Kg7 20. Rc7 Rec8 21. Rdd7 Rxc7 22. Rxc7 c5 23. Kf3 Bd6 24. Rd7 Bf8 25. g4 g5 26. Bd2 Kf6 27. Bc3 Ke6 28. Rd5 Bd6 29. Kg3 f6 30. Rd1 a6 31. a4 Rb8 32. h4 b5 33. axb5 axb5 34. cxb5 Rxb5 35. hxg5 hxg5 36. Rh1 Rb7 37. Rh8 Ra7 38. Re8+ Kf7 39. Rc8 Ra1 40. Kf3 Rd1 41. Ke2 Rg1 42. Kf3 Rd1 43. Ke2 Rh1 44. Kf3 Ke6 45. Re8+ Be7 46. Ra8 Rh3+ 47. Ke2 Bd6 48. Ra6 Kd7 49. Ra7+ Ke6 50. Ra6 Rh4 51. Kf3 Rh8 52. Rb6 Rc8 53. Bd2 c4 54. Bb4 Rd8 55. Ke3 Ke7 56. Rxd6 Rxd6 57. f3 Kd7 58. Bxd6 Kxd6 59. Kd2 Kc6 60. Kc3 Kc5 61. Kc2 Kb4 62. Kc1 Kb3 63. Kb1 c3 64. bxc3 Kxc3 65. Kc1 Kd3 66. Kd1 Ke3 67. Ke1 Kxf3 0-1


[Site "https://www.chess.com"]

[Event "Titled Tuesday Blitz March 21 Early 2023"]
[White "Shvedova, Alexandra"]
[Black "Ardila, Oscar Humberto"]
[WhiteFideId "54154782"]
[BlackFideId "4404742"]
[WhiteElo "2057"]
[BlackElo "1911"]
[Result "1-0"]
[Round "07"]
[TimeControl "180+2"]
[Date "2023.03.21"]
[WhiteClock "0:01:20"]
[BlackClock "0:00:16"]

1. d4 Nf6 2. Nf3 g6 3. g3 Bg7 4. Bg2 O-O 5. O-O d6 6. c4 Nbd7 7. Nc3 e5 8. e4 exd4 9. Nxd4 Re8 10. Re1 Nc5 11. b4 Ne6 12. Be3 Nxd4 13. Bxd4 Be6 14. Qd3 a5 15. b5 Nd7 16. Bxg7 Kxg7 17. f4 Nc5 18. Qd4+ Qf6 19. e5 dxe5 20. Qxc5 exf4 21. Ne4 Qb2 22. gxf4 Bf5 23. Rab1 Qxa2 24. Qd4+ Kh6 25. Ra1 Qc2 26. Ng3 Rad8 27. Qf6 Bg4 28. Qh4+ Bh5 29. Nxh5 Rd2 30. Qg5# 1-0


[Site "https://www.chess.com"]

[Event "Titled Tuesday Blitz March 21 Early 2023"]
[White "Ratsma, Midas"]
[Black "Adithya A Chullikkad"]
[WhiteFideId "1032283"]
[BlackFideId "45078734"]
[WhiteElo "2172"]
[BlackElo "1984"]
[Result "1-0"]
[Round "07"]
[TimeControl "180+2"]
[Date "2023.03.21"]
[WhiteClock "0:00:43"]
[BlackClock "0:00:01"]

1. e4 c5 2. c3 d6 3. d4 cxd4 4. cxd4 Nf6 5. Nc3 e6 6. Nf3 Be7 7. Bd3 O-O 8. O-O Nc6 9. Bf4 a6 10. Rc1 b5 11. Nxb5 axb5 12. Rxc6 Bb7 13. Rc2 Rxa2 14. Re1 b4 15. Qe2 Qa5 16. Bc4 Ra1 17. Rxa1 Qxa1+ 18. Rc1 Qa4 19. e5 dxe5 20. Nxe5 Nd5 21. Bg3 Rc8 22. h3 Ba6 23. Kh2 Bd6 24. Qf1 Bxe5 25. Bxe5 Rxc4 26. Rxc4 Nb6 27. b3 Qxb3 28. Rxb4 Qxb4 29. Qxa6 h6 30. Qb7 Nd5 31. Qc8+ Kh7 32. Qe8 Qe7 33. Qc8 f6 34. Bg3 g5 35. Qc2+ Kg7 36. Qc4 h5 37. h4 Kh6 38. hxg5+ fxg5 39. Qc1 Nf6 40. f3 Qg7 41. Be5 Qg6 42. Qc8 Qf7 43. Qd8 Kg6 44. Kg3 h4+ 45. Kh2 g4 46. Bxf6 Qxf6 47. Qg8+ Kh6 48. Qxg4 Kh7 49. Kh3 Qf8 50. Qxh4+ Kg6 51. Qg4+ Kh7 52. Qh5+ Kg7 53. Qg5+ Kh7 54. Kg4 Qb4 55. Qh5+ Kg7 56. Qe5+ Kh7 57. Qxe6 Qxd4+ 58. Qe4+ Qxe4+ 59. fxe4 1-0


[Site "https://www.chess.com"]

[Event "Titled Tuesday Blitz March 21 Early 2023"]
[White "Dinu, Dumitru-Daniel"]
[Black "Ciuffoletti, Paolo"]
[WhiteFideId "1208403"]
[BlackFideId "807630"]
[WhiteElo "2240"]
[BlackElo "2143"]
[Result "1/2-1/2"]
[Round "07"]
[TimeControl "180+2"]
[Date "2023.03.21"]
[WhiteClock "0:00:30"]
[BlackClock "0:00:16"]

1. e4 c5 2. b3 d6 3. Bb2 Nf6 4. Nc3 g6 5. Nd5 Bg7 6. Nxf6+ exf6 7. g3 O-O 8. Bg2 Re8 9. Ne2 Bg4 10. O-O Qd7 11. f3 Bh3 12. Bxh3 Qxh3 13. Nf4 Qd7 14. Nd5 Re6 15. d4 cxd4 16. Qxd4 Nc6 17. Qd2 Ne7 18. Rad1 Nxd5 19. Qxd5 Qc6 20. c4 a6 21. Rd2 Qxd5 22. Rxd5 b5 23. cxb5 axb5 24. a3 f5 25. Bxg7 Kxg7 26. exf5 Re3 27. fxg6 hxg6 28. Rxb5 Rxa3 29. f4 Raxb3 30. Rd5 Red3 31. Rd1 Rxd1+ 32. Rxd1 Rb6 33. Kf2 Kf6 34. Kf3 Ke6 35. Kg4 Rb2 36. h4 Rb3 37. Rd2 d5 38. Re2+ Kf6 39. Rd2 Ke6 40. Re2+ Kf6 41. Rd2 Ke6 1/2-1/2


[Site "https://www.chess.com"]

[Event "Titled Tuesday Blitz March 21 Early 2023"]
[White "lisjakzlatko1"]
[Black "Kovalevsky, Stanislav"]
[BlackFideId "13508598"]
[WhiteElo "2206"]
[BlackElo "2174"]
[Result "0-1"]
[Round "07"]
[TimeControl "180+2"]
[Date "2023.03.21"]
[WhiteClock "0:00:02"]
[BlackClock "0:00:35"]

1. e4 e6 2. d4 d5 3. e5 c5 4. c3 Nc6 5. Nf3 cxd4 6. cxd4 f6 7. exf6 Nxf6 8. Bd3 Bd6 9. O-O O-O 10. Re1 Bd7 11. Nc3 Be8 12. h3 Bh5 13. g4 Nxg4 14. hxg4 Bxg4 15. Re3 Nxd4 16. Bxh7+ Kxh7 17. Qxd4 Bxf3 18. Qd3+ Be4 19. Nxe4 dxe4 20. Qxe4+ Kg8 21. Qxe6+ Rf7 22. Rf3 Qd7 23. Qb3 Qg4+ 24. Rg3 Bxg3 25. fxg3 Qf3 26. Qxf3 Rxf3 27. Kg2 Rd3 28. Bf4 Rc8 29. Re1 Rc2+ 30. Kh3 Kf7 31. Bg5 Rxb2 0-1


[Site "https://www.chess.com"]

[Event "Titled Tuesday Blitz March 21 Early 2023"]
[White "Kiseleva, Arina"]
[Black "Vedder, Richard"]
[WhiteFideId "4164989"]
[BlackFideId "1004166"]
[WhiteElo "1756"]
[BlackElo "2168"]
[Result "0-1"]
[Round "07"]
[TimeControl "180+2"]
[Date "2023.03.21"]
[WhiteClock "0:00:02"]
[BlackClock "0:00:59"]

1. d4 d5 2. Nf3 Nf6 3. e3 Bf5 4. Bd3 Bxd3 5. cxd3 c6 6. Nc3 e6 7. O-O Be7 8. e4 O-O 9. Re1 Na6 10. Qc2 Rc8 11. a3 c5 12. dxc5 dxe4 13. dxe4 Nxc5 14. e5 Nd5 15. Rd1 a6 16. Nxd5 exd5 17. Qf5 Ne6 18. b4 Rc4 19. Bb2 Qd7 20. h3 Rfc8 21. Nd4 g6 22. Qf3 Nxd4 23. Bxd4 Qe6 24. Rd3 Rc1+ 25. Rxc1 Rxc1+ 26. Rd1 Qc6 27. Rxc1 Qxc1+ 28. Kh2 Qc4 29. Qe3 Qc6 30. Bc3 b5 31. Qd4 Qc4 32. f4 h5 33. Kg3 Kf8 34. Kf2 Ke8 35. Ke1 Qxd4 36. Bxd4 Kd7 37. Kd2 Ke6 38. Ke3 Kf5 39. Kf3 h4 40. g3 hxg3 41. Kxg3 Ke4 42. Bc5 Bd8 43. h4 d4 44. Kg4 d3 0-1


[Site "https://www.chess.com"]

[Event "Titled Tuesday Blitz March 21 Early 2023"]
[White "Chernov, Mikhail"]
[Black "Palacio,Igor Da Paz"]
[WhiteFideId "24143170"]
[BlackFideId "2121140"]
[WhiteElo "2113"]
[BlackElo "2126"]
[Result "1-0"]
[Round "07"]
[TimeControl "180+2"]
[Date "2023.03.21"]
[WhiteClock "0:01:00"]
[BlackClock "0:00:06"]

1. d4 Nf6 2. Nc3 d6 3. e4 g6 4. Be3 c6 5. Qd2 b5 6. f3 Nbd7 7. Bd3 Qc7 8. Nce2 a6 9. c3 Bb7 10. h4 h5 11. Nh3 Bg7 12. Ng5 Nb6 13. Nf4 e5 14. dxe5 dxe5 15. Nfe6 fxe6 16. Nxe6 Qe7 17. Nxg7+ Qxg7 18. Bxb6 Nd7 19. Be3 O-O-O 20. O-O-O Qf7 21. Kb1 Nf8 22. Qc2 Ne6 23. a4 Nf4 24. axb5 axb5 25. Bc5 Rd7 26. g3 Nxd3 27. Rxd3 Rhd8 28. Rhd1 Kc7 29. Rxd7+ Rxd7 30. Rxd7+ Qxd7 31. Qe2 Qh3 32. Qf2 Qh1+ 33. Kc2 Bc8 34. Bb6+ Kb7 35. Bd8 Bd7 36. Qb6+ Ka8 37. Bc7 Qg2+ 38. Kb3 Be6+ 39. Ka3 Bc8 40. Qb8# 1-0


[Site "https://www.chess.com"]

[Event "Titled Tuesday Blitz March 21 Early 2023"]
[White "Tarnowska, Aleksandra"]
[Black "Jimenez Jimenez, Leandro"]
[WhiteFideId "1180967"]
[BlackFideId "6415253"]
[WhiteElo "1776"]
[BlackElo "2263"]
[Result "1-0"]
[Round "07"]
[TimeControl "180+2"]
[Date "2023.03.21"]
[WhiteClock "0:00:05"]
[BlackClock "0:00:03"]

1. e4 e5 2. Nf3 Nc6 3. Bb5 a6 4. Ba4 Nf6 5. O-O b5 6. Bb3 Be7 7. Re1 O-O 8. h3 Bb7 9. c3 d5 10. exd5 Nxd5 11. d3 Bf6 12. Nbd2 Nf4 13. Ne4 Nxd3 14. Nxf6+ gxf6 15. Re4 f5 16. Bg5 Qd6 17. Rh4 e4 18. Nh2 Qg6 19. Qd2 Rad8 20. Rh6 Qg7 21. Bf6 Nde5 22. Qf4 Ng6 23. Qg5 Nce5 24. Bxg7 Kxg7 25. h4 Ng4 26. Nxg4 fxg4 27. h5 f6 28. Qxg4 Bc8 29. Qg3 Kxh6 30. hxg6 hxg6 31. Qh2+ Kg7 32. Qxc7+ Rd7 33. Qg3 Rd2 34. Re1 Bf5 35. Qc7+ Rd7 36. Qf4 Re7 37. g4 Bc8 38. Rxe4 Rfe8 39. Rxe7+ Rxe7 40. Kg2 Bb7+ 41. f3 g5 42. Qd2 a5 43. c4 a4 44. Bc2 bxc4 45. Qc3 Re2+ 46. Kg3 Re7 47. Qxc4 Re8 48. Be4 Re7 49. Bxb7 Rxb7 50. Qxa4 Rxb2 51. Qd7+ Kg6 52. Qe8+ Kg7 53. Qe7+ Kg6 54. Qe4+ Kg7 55. Qd5 Rb1 56. a4 Ra1 57. a5 Rg1+ 58. Kf2 Ra1 59. Qb7+ Kg6 60. a6 Ra2+ 61. Ke3 Ra3+ 62. Kf2 Ra2+ 63. Kg3 f5 64. gxf5+ Kxf5 65. a7 Ra3 66. a8=Q Ra6 67. Qf8+ Rf6 68. Qd5+ Kg6 69. Qdg8+ Kf5 70. Qh7+ Ke5 71. Qfe7+ Re6 72. Qe4# 1-0


[Site "https://www.chess.com"]

[Event "Titled Tuesday Blitz March 21 Early 2023"]
[White "Torres Dominguez, David"]
[Black "Hoffmann, Asa"]
[WhiteFideId "2220857"]
[BlackFideId "2001470"]
[WhiteElo "1999"]
[BlackElo "2117"]
[Result "0-1"]
[Round "07"]
[TimeControl "180+2"]
[Date "2023.03.21"]
[WhiteClock "0:00:01"]
[BlackClock "0:00:51"]

1. e4 d6 2. Nc3 c6 3. f4 g6 4. Nf3 Bg7 5. a4 Nf6 6. Bc4 e6 7. e5 Nd5 8. exd6 Qxd6 9. O-O Qc5+ 10. d4 Qxc4 11. Ne4 Qb4 12. c4 Nf6 13. Bd2 Qe7 14. Neg5 h6 15. Nh3 Nbd7 16. Qe1 O-O 17. Ne5 Qd6 18. Bc3 c5 19. Rd1 b6 20. dxc5 Qxc5+ 21. Bd4 Qc7 22. Kh1 Bb7 23. b3 Rad8 24. Nf2 Nc5 25. Qc3 Nh5 26. Nfg4 Rd6 27. Nf3 Rfd8 28. Rde1 Bxf3 29. Bxg7 Bxg2+ 30. Kxg2 Nxg7 31. Nf6+ Kh8 32. f5 gxf5 33. Nh5 Rg8 34. Kh1 Qc6+ 35. Rf3 Rd3 36. Qf6 Qxf3+ 37. Kg1 Qxh5 0-1


[Site "https://www.chess.com"]

[Event "Titled Tuesday Blitz March 21 Early 2023"]
[White "Jaskolka, Tomasz"]
[Black "Levitan, Caleb Levi"]
[WhiteFideId "1170791"]
[BlackFideId "14332620"]
[WhiteElo "2155"]
[BlackElo "1963"]
[Result "1-0"]
[Round "07"]
[TimeControl "180+2"]
[Date "2023.03.21"]
[WhiteClock "0:00:36"]
[BlackClock "0:00:05"]

1. e4 e5 2. Nf3 Nc6 3. Bc4 Bc5 4. b4 Bxb4 5. c3 Be7 6. d4 Na5 7. Nxe5 Nxc4 8. Nxc4 d5 9. exd5 Nf6 10. O-O O-O 11. d6 cxd6 12. Bf4 d5 13. Ne5 Bf5 14. Nd2 Rc8 15. Qb3 b6 16. Rfe1 Ne4 17. Nxe4 Bxe4 18. f3 Bf5 19. a4 f6 20. Ng4 h5 21. Ne3 Be6 22. a5 g5 23. Bg3 h4 24. Bf2 Rb8 25. axb6 Rxb6 26. Qc2 Bf7 27. Rxa7 Bd6 28. Ng4 Kg7 29. Qf5 Bb8 30. Rd7 Qc8 31. Rxf7+ Rxf7 32. Qxc8 Bf4 33. g3 hxg3 34. hxg3 Bd2 35. Re8 Rb1+ 36. Kg2 Rfb7 37. Rg8+ Kh7 38. Rh8+ Kg7 39. Qg8# 1-0


[Site "https://www.chess.com"]

[Event "Titled Tuesday Blitz March 21 Early 2023"]
[White "Baches Garcia, Guillermo"]
[Black "Ruge, Edison"]
[WhiteFideId "2209764"]
[BlackFideId "4401000"]
[WhiteElo "2440"]
[BlackElo "2175"]
[Result "0-1"]
[Round "07"]
[TimeControl "180+2"]
[Date "2023.03.21"]
[WhiteClock "0:00:13"]
[BlackClock "0:00:55"]

1. e4 e5 2. Nf3 Nc6 3. Nc3 Be7 4. d4 d6 5. h3 Nf6 6. g4 O-O 7. Be3 Re8 8. g5 Nxe4 9. Nxe4 d5 10. Nxe5 Nxe5 11. dxe5 dxe4 12. Qxd8 Rxd8 13. Bg2 Bf5 14. Ke2 Rd5 15. Bf4 Rad8 16. Rhd1 Rxd1 17. Rxd1 Rxd1 18. Kxd1 Kf8 19. Ke2 Ke8 20. Be3 b6 21. h4 Kd7 22. Bd4 e3 23. Kxe3 Bxc2 24. Be4 Bxe4 25. Kxe4 Ke6 26. h5 g6 27. hxg6 hxg6 28. f4 Bb4 29. b3 Bd2 30. Bf2 a5 31. a4 Bc3 32. Be3 Bb4 33. Bf2 Bc5 34. Be1 c6 35. Bd2 Bb4 36. Be3 b5 37. axb5 cxb5 38. Kd3 Kf5 39. Bc1 Be1 40. Ke2 Bg3 41. Kf3 Bh2 42. Bd2 a4 43. bxa4 bxa4 0-1


[Site "https://www.chess.com"]